[Event "Italian Youth U20 Championship 2023"]
[Site "Brescia"]
[Date "2023.12.03"]
[Round "1.1"]
[White "Vincenti, Leonardo"]
[Black "Pozzari, Simone"]
[Result "0-1"]
[ECO "C01"]
[WhiteElo "2120"]
[BlackElo "2186"]
[Annotator "RC"]
[PlyCount "125"]
[EventDate "2023.12.03"]
[EventType "tourn"]
[EventCountry "ITA"]
[SourceTitle "playchess.com"]
[Source "ChessBase"]
[SourceQuality "1"]
[TimeControl "40/6000+30:20/3000+30:900+30"]

1. e4 e6 2. d4 d5 3. exd5 exd5 4. Nf3 Nf6 5. Bd3 c5 6. Qe2+ Be7 7. dxc5 O-O 8. Be3 Re8 9. Bb5 Bd7 10. Bxd7 Nbxd7 11. Nd4 Bxc5 12. c3 Qb6 13. a4 Ne5 14. a5 Qc7 15. Nd2 Rac8 16. N2b3 Bxd4 17. Nxd4 Qc4 18. Qxc4 Nxc4 19. O-O Nxe3 20. fxe3 Rxe3 21. a6 b6 22. Rfe1 Rxe1+ 23. Rxe1 Rc7 24. Nb5 Rd7 25. Rc1 Kf8 26. h3 Ne4 27. b4 Ke7 28. c4 dxc4 29. Rxc4 Nd6 30. Nxd6 Kxd6 31. Kf2 Re7 32. Rc8 f6 33. Kf3 Kd7 34. Rh8 Kc6 35. Rxh7 Kb5 36. h4 Kxb4 37. h5 Rc7 38. h6 Rc3+ 39. Kf2 gxh6 40. Rxa7 Kb5 41. Rf7 Kxa6 42. Rxf6 h5 43. Rh6 Rc5 44. Ke3 Kb5 45. Kd3 Rg5 46. Kc3 Kc5 47. Kd3 b5 48. Rh8 Kb4 49. Rh7 Kb3 50. Re7 Rxg2 51. Re5 b4 52. Rxh5 Rc2 53. Rb5 Rc8 54. Kd2 Ka3 55. Ra5+ Kb2 56. Kd3 b3 57. Rb5 Ka2 58. Ra5+ Kb1 59. Rb5 b2 60. Rh5 Ra8 61. Rh1+ Ka2 62. Rh2 Ka1 63. Kd4 0-1

[Event "Italian Youth U20 Championship 2023"]
[Site "Brescia"]
[Date "2023.12.03"]
[Round "1.2"]
[White "Bettalli, Francesco"]
[Black "Bin-Suhayl, Ieysaa"]
[Result "1-0"]
[ECO "C14"]
[WhiteElo "2274"]
[BlackElo "2248"]
[Annotator "RC"]
[PlyCount "69"]
[EventDate "2023.12.03"]
[EventType "tourn"]
[EventCountry "ITA"]
[SourceTitle "playchess.com"]
[Source "ChessBase"]
[SourceQuality "1"]
[TimeControl "40/6000+30:20/3000+30:900+30"]

1. e4 e6 2. d4 d5 3. Nc3 Nf6 4. Bg5 Be7 5. e5 Nfd7 6. h4 h6 7. Bxe7 Qxe7 8. f4 a6 9. g4 c5 10. Nf3 Nc6 11. Qd2 b5 12. Ne2 b4 13. O-O-O a5 14. dxc5 Nxc5 15. Ned4 Nxd4 16. Nxd4 Ba6 17. Bg2 Qc7 18. Rh3 Rb8 19. f5 Rb6 20. g5 hxg5 21. Qxg5 Qxe5 22. Re3 Qf6 23. Bxd5 Qxg5 24. hxg5 Ke7 25. Nc6+ Kd6 26. Ne5 Rh4 27. Bxe6+ Kc7 28. Bxf7 Rf4 29. Bg6 Bb7 30. Nd3 Re4 31. Rde1 Rxe3 32. Rxe3 Ne4 33. Nf4 Nxg5 34. Ne6+ Nxe6 35. fxe6 1-0

[Event "Italian Youth U20 Championship 2023"]
[Site "Brescia"]
[Date "2023.12.03"]
[Round "1.3"]
[White "Perossa, Nicolas"]
[Black "Pegno, Mattia"]
[Result "0-1"]
[ECO "B53"]
[WhiteElo "2330"]
[BlackElo "2155"]
[Annotator "RC"]
[PlyCount "96"]
[EventDate "2023.12.03"]
[EventType "tourn"]
[EventCountry "ITA"]
[SourceTitle "playchess.com"]
[Source "ChessBase"]
[SourceQuality "1"]
[TimeControl "40/6000+30:20/3000+30:900+30"]

1. e4 c5 2. Nf3 d6 3. d4 cxd4 4. Qxd4 Nc6 5. Bb5 Bd7 6. Bxc6 bxc6 7. O-O e5 8. Qd3 Nf6 9. h3 Be7 10. Bg5 Be6 11. c4 Qc7 12. Rd1 Rd8 13. Nc3 Nh5 14. c5 f6 15. Be3 dxc5 16. Qa6 Kf7 17. Nd2 Qb6 18. Qe2 Nf4 19. Bxf4 exf4 20. Nc4 Qb4 21. Na3 g6 22. Rab1 Bd6 23. Qa6 Qb6 24. Qa4 Ke7 25. Re1 Be5 26. Re2 Rd4 27. Qc2 Rhd8 28. Rc1 Qb4 29. f3 Rd3 30. Nab1 Bd4+ 31. Kh2 Be3 32. Rce1 c4 33. Nd1 Bd4 34. Nf2 Re3 35. Qc1 Bxb2 36. Qc2 Be5 37. Rc1 c3 38. Nd1 Rxe2 39. Qxe2 Bc4 40. Qf2 Bd4 41. Qh4 c2 42. e5 Bg1+ 43. Kxg1 Rxd1+ 44. Kh2 Rxc1 45. Qxf6+ Kd7 46. Nc3 Rh1+ 47. Kxh1 c1=Q+ 48. Kh2 Qcxc3 0-1

[Event "Italian Youth U20 Championship 2023"]
[Site "Brescia"]
[Date "2023.12.03"]
[Round "1.4"]
[White "Cappelletto, Joshuaede"]
[Black "Titze, Leo"]
[Result "1/2-1/2"]
[ECO "A13"]
[WhiteElo "2329"]
[BlackElo "2164"]
[Annotator "RC"]
[PlyCount "35"]
[EventDate "2023.12.03"]
[EventType "tourn"]
[EventCountry "ITA"]
[SourceTitle "playchess.com"]
[Source "ChessBase"]
[SourceQuality "1"]
[TimeControl "40/6000+30:20/3000+30:900+30"]

1. c4 e6 2. g3 d5 3. Bg2 Nf6 4. Nf3 dxc4 5. Qc2 a6 6. a4 b6 7. Qxc4 Bb7 8. O-O c5 9. Nc3 Nc6 10. Rd1 Be7 11. d4 Na5 12. Qd3 cxd4 13. Nxd4 Bxg2 14. Kxg2 O-O 15. Bf4 Nd5 16. Nxd5 Qxd5+ 17. Nf3 Qxd3 18. Rxd3 1/2-1/2

[Event "Italian Youth U20 Championship 2023"]
[Site "Brescia"]
[Date "2023.12.04"]
[Round "2.1"]
[White "Pozzari, Simone"]
[Black "Titze, Leo"]
[Result "1/2-1/2"]
[ECO "B22"]
[WhiteElo "2186"]
[BlackElo "2164"]
[Annotator "RC"]
[PlyCount "116"]
[EventDate "2023.12.03"]
[EventType "tourn"]
[EventCountry "ITA"]
[SourceTitle "playchess.com"]
[Source "ChessBase"]
[SourceQuality "1"]
[TimeControl "40/6000+30:20/3000+30:900+30"]

1. e4 c5 2. Nf3 e6 3. c3 Nf6 4. e5 Nd5 5. d4 cxd4 6. cxd4 Nc6 7. Bc4 d6 8. O-O Be7 9. Qe2 O-O 10. a3 Bd7 11. Bd2 Rc8 12. Nc3 Nxc3 13. Bxc3 d5 14. Bd3 f5 15. exf6 Bxf6 16. Ne5 Bxe5 17. dxe5 Rf7 18. f4 Qb6+ 19. Kh1 d4 20. Bd2 Ne7 21. b4 Bc6 22. b5 Bd5 23. Rac1 Rxc1 24. Rxc1 Qd8 25. Kg1 b6 26. Qf2 Nf5 27. Bxf5 Rxf5 28. Qxd4 h5 29. a4 Qe8 30. Qc3 Rf8 31. Qd3 Qe7 32. Qg6 Bb7 33. h3 Rd8 34. Be3 h4 35. f5 exf5 36. e6 Rd6 37. Qxf5 Rxe6 38. Bg5 Qd7 39. Rf1 Be4 40. Qf8+ Kh7 41. Qf2 Kg8 42. Qxh4 Qd4+ 43. Kh2 Rg6 44. Qf4 Qd6 45. Rf2 Qxf4+ 46. Bxf4 Rf6 47. g3 Bd5 48. Re2 Bb3 49. Re4 Rf8 50. g4 Kf7 51. Kg3 Rd8 52. Bg5 Rd7 53. h4 Bc2 54. Rc4 Bb3 55. Rb4 Bc2 56. Kf4 Ke6 57. Rc4 Bb3 58. Re4+ Kd5 1/2-1/2

[Event "Italian Youth U20 Championship 2023"]
[Site "Brescia"]
[Date "2023.12.04"]
[Round "2.2"]
[White "Pegno, Mattia"]
[Black "Cappelletto, Joshuaede"]
[Result "1/2-1/2"]
[ECO "A35"]
[WhiteElo "2155"]
[BlackElo "2329"]
[Annotator "RC"]
[PlyCount "50"]
[EventDate "2023.12.03"]
[EventType "tourn"]
[EventCountry "ITA"]
[SourceTitle "playchess.com"]
[Source "ChessBase"]
[SourceQuality "1"]
[TimeControl "40/6000+30:20/3000+30:900+30"]

1. c4 c5 2. Nc3 Nc6 3. Nf3 g6 4. e3 Nf6 5. d4 cxd4 6. exd4 d5 7. cxd5 Nxd5 8. Qb3 Nxc3 9. Bc4 Nd5 10. Bxd5 e6 11. Bxc6+ bxc6 12. O-O Qd5 13. Bf4 f6 14. Rac1 g5 15. Bg3 Be7 16. Nd2 Kf7 17. Qxd5 cxd5 18. Rc7 Rd8 19. Rfc1 Ke8 20. Nb3 Bd7 21. Na5 Rdc8 22. Nb7 Rxc7 23. Rxc7 Rc8 24. Nd6+ Bxd6 25. Rxc8+ Bxc8 1/2-1/2

[Event "Italian Youth U20 Championship 2023"]
[Site "Brescia"]
[Date "2023.12.04"]
[Round "2.3"]
[White "Bin-Suhayl, Ieysaa"]
[Black "Perossa, Nicolas"]
[Result "0-1"]
[ECO "E83"]
[WhiteElo "2248"]
[BlackElo "2330"]
[Annotator "RC"]
[PlyCount "100"]
[EventDate "2023.12.03"]
[EventType "tourn"]
[EventCountry "ITA"]
[SourceTitle "playchess.com"]
[Source "ChessBase"]
[SourceQuality "1"]
[TimeControl "40/6000+30:20/3000+30:900+30"]

1. d4 d6 2. e4 Nf6 3. f3 g6 4. c4 Bg7 5. Nc3 O-O 6. Be3 Nc6 7. Nge2 a6 8. Qd2 Bd7 9. Nc1 e5 10. d5 Nd4 11. N1e2 Nxe2 12. Bxe2 Nh5 13. O-O-O Qe7 14. a3 b5 15. cxb5 axb5 16. Bxb5 Rfb8 17. Bxd7 Qxd7 18. Na2 c5 19. dxc6 Qxc6+ 20. Qc2 Qd7 21. g3 Qe6 22. Nc3 Rb3 23. Rd2 Rab8 24. Qd3 Bf8 25. Rc2 Nf6 26. g4 Qc8 27. h4 Qb7 28. Qd2 d5 29. exd5 Bxa3 30. Rh2 Bb4 31. Kd1 Bxc3 32. bxc3 Nxd5 33. Ke2 Qb5+ 34. Kf2 Rc8 35. Rh1 Rcxc3 36. Rxc3 Rxc3 37. Re1 Rxe3 38. Rxe3 Qc5 39. Ke2 Qxe3+ 40. Qxe3 Nxe3 41. Kxe3 f5 42. Kd3 fxg4 43. fxg4 Kf7 44. Ke3 Ke6 45. Ke4 h6 46. Kf3 Kd5 47. Ke3 g5 48. hxg5 hxg5 49. Kd3 e4+ 50. Ke2 Ke5 0-1

[Event "Italian Youth U20 Championship 2023"]
[Site "Brescia"]
[Date "2023.12.04"]
[Round "2.4"]
[White "Vincenti, Leonardo"]
[Black "Bettalli, Francesco"]
[Result "0-1"]
[ECO "B50"]
[WhiteElo "2120"]
[BlackElo "2274"]
[Annotator "RC"]
[PlyCount "54"]
[EventDate "2023.12.03"]
[EventType "tourn"]
[EventCountry "ITA"]
[SourceTitle "playchess.com"]
[Source "ChessBase"]
[SourceQuality "1"]
[TimeControl "40/6000+30:20/3000+30:900+30"]

1. e4 c5 2. Nf3 d6 3. c3 Nf6 4. h3 Nc6 5. Bd3 e5 6. Bc2 d5 7. exd5 Qxd5 8. d3 Bf5 9. O-O O-O-O 10. Ng5 Qd7 11. Qf3 Bg6 12. Na3 Nd5 13. Nc4 h6 14. Ne4 f5 15. Ned6+ Bxd6 16. Qxd5 Bc7 17. Qxd7+ Rxd7 18. f4 Re8 19. fxe5 Nxe5 20. Ba4 Nc6 21. Bf4 Rxd3 22. Bc2 Rd5 23. Ne3 Rd2 24. Bxf5+ Bxf5 25. Nxf5 Rxb2 26. Rae1 Rxe1 27. Rxe1 Bxf4 0-1

[Event "Italian Youth U20 Championship 2023"]
[Site "Brescia"]
[Date "2023.12.05"]
[Round "3.1"]
[White "Bettalli, Francesco"]
[Black "Pozzari, Simone"]
[Result "1-0"]
[ECO "C13"]
[WhiteElo "2274"]
[BlackElo "2186"]
[Annotator "RC"]
[PlyCount "67"]
[EventDate "2023.12.03"]
[EventType "tourn"]
[EventCountry "ITA"]
[SourceTitle "playchess.com"]
[Source "ChessBase"]
[SourceQuality "1"]
[TimeControl "40/6000+30:20/3000+30:900+30"]

1. e4 e6 2. d4 d5 3. Nc3 Nf6 4. Bg5 dxe4 5. Nxe4 Be7 6. Bxf6 gxf6 7. g3 f5 8. Nc3 Bf6 9. Nf3 c5 10. dxc5 Qa5 11. Qd2 Qxc5 12. Bg2 O-O 13. O-O Bd7 14. Rad1 Bc6 15. Ne2 Be4 16. c3 Nc6 17. Nf4 Rfd8 18. Qc1 Qe7 19. h4 Rac8 20. Qe3 b5 21. Nh5 Bh8 22. Qh6 Bxf3 23. Bxf3 b4 24. Rxd8+ Nxd8 25. cxb4 Bxb2 26. Rd1 Bh8 27. b5 e5 28. Bc6 Ne6 29. Rd7 Qf8 30. Nf6+ Bxf6 31. Qxf6 Nd4 32. Bd5 Qg7 33. Bxf7+ Kh8 34. Rd8+ 1-0

[Event "Italian Youth U20 Championship 2023"]
[Site "Brescia"]
[Date "2023.12.05"]
[Round "3.2"]
[White "Perossa, Nicolas"]
[Black "Vincenti, Leonardo"]
[Result "0-1"]
[ECO "B90"]
[WhiteElo "2330"]
[BlackElo "2120"]
[Annotator "RC"]
[PlyCount "68"]
[EventDate "2023.12.03"]
[EventType "tourn"]
[EventCountry "ITA"]
[SourceTitle "playchess.com"]
[Source "ChessBase"]
[SourceQuality "1"]
[TimeControl "40/6000+30:20/3000+30:900+30"]

1. e4 c5 2. Nf3 d6 3. d4 cxd4 4. Nxd4 Nf6 5. Nc3 a6 6. Be3 e5 7. Nb3 Be6 8. h3 h5 9. Be2 Be7 10. Rf1 d5 11. exd5 Nxd5 12. Nxd5 Bxd5 13. Bxh5 Bxg2 14. Rg1 Qxd1+ 15. Bxd1 Be4 16. Nd2 Bg6 17. Nc4 Nc6 18. Bb6 Rh4 19. Be2 Nb4 20. Ne3 Rxh3 21. Kf1 Rh7 22. Rd1 Nxc2 23. Nc4 Bf5 24. a3 Bh3+ 25. Rg2 Rh4 26. Nxe5 Re4 27. Rd5 Bf6 28. Nc4 Bxg2+ 29. Kxg2 Rxe2 30. Nd6+ Kf8 31. Nxb7 Rb8 32. Nc5 Ne3+ 33. Kf3 Nxd5 34. Nd7+ Kg8 0-1

[Event "Italian Youth U20 Championship 2023"]
[Site "Brescia"]
[Date "2023.12.05"]
[Round "3.3"]
[White "Cappelletto, Joshuaede"]
[Black "Bin-Suhayl, Ieysaa"]
[Result "1-0"]
[ECO "C78"]
[WhiteElo "2329"]
[BlackElo "2248"]
[Annotator "RC"]
[PlyCount "45"]
[EventDate "2023.12.03"]
[EventType "tourn"]
[EventCountry "ITA"]
[SourceTitle "playchess.com"]
[Source "ChessBase"]
[SourceQuality "1"]
[TimeControl "40/6000+30:20/3000+30:900+30"]

1. e4 e5 2. Nf3 Nc6 3. Bb5 a6 4. Ba4 Nf6 5. O-O b5 6. Bb3 Bc5 7. c3 d6 8. d4 Bb6 9. a4 Bb7 10. Re1 O-O 11. Bg5 h6 12. axb5 axb5 13. Rxa8 Bxa8 14. Bh4 exd4 15. cxd4 g5 16. Bg3 Nh5 17. Qd3 Nxg3 18. hxg3 g4 19. e5 Kh8 20. Bc2 f5 21. exf6 Rf7 22. Qg6 Qxf6 23. Re8+ 1-0

[Event "Italian Youth U20 Championship 2023"]
[Site "Brescia"]
[Date "2023.12.05"]
[Round "3.4"]
[White "Titze, Leo"]
[Black "Pegno, Mattia"]
[Result "1-0"]
[ECO "D20"]
[WhiteElo "2164"]
[BlackElo "2155"]
[Annotator "RC"]
[PlyCount "85"]
[EventDate "2023.12.03"]
[EventType "tourn"]
[EventCountry "ITA"]
[SourceTitle "playchess.com"]
[Source "ChessBase"]
[SourceQuality "1"]
[TimeControl "40/6000+30:20/3000+30:900+30"]

1. d4 d5 2. c4 dxc4 3. e4 b5 4. a4 c6 5. axb5 cxb5 6. b3 e6 7. Nf3 Nf6 8. e5 Nd5 9. bxc4 bxc4 10. Bxc4 Be7 11. O-O O-O 12. Nbd2 a5 13. Ne4 Ba6 14. Bxa6 Nxa6 15. Bg5 Bxg5 16. Nfxg5 h6 17. Nf3 Nab4 18. Nc5 Nb6 19. Qd2 Qd5 20. Rfd1 Rfb8 21. Qc3 Ra7 22. Nd2 Rba8 23. Nde4 Qc4 24. Qg3 N6d5 25. Nd6 Qc3 26. Qg4 a4 27. Nb5 Qc2 28. Nxa7 Rxa7 29. Rdc1 Qb2 30. Qf3 Qxd4 31. Rxa4 Rxa4 32. Nxa4 Qxe5 33. h3 g6 34. Nc5 Kg7 35. g3 Na2 36. Rf1 Nac3 37. Nd3 Qd4 38. Re1 h5 39. Ne5 Nf6 40. Qb7 Kh6 41. Nxf7+ Kg7 42. Ne5+ Kh8 43. Qf7 1-0

[Event "Italian Youth U20 Championship 2023"]
[Site "Brescia"]
[Date "2023.12.06"]
[Round "4.1"]
[White "Pozzari, Simone"]
[Black "Pegno, Mattia"]
[Result "1-0"]
[ECO "C54"]
[WhiteElo "2186"]
[BlackElo "2155"]
[Annotator "RC"]
[PlyCount "113"]
[EventDate "2023.12.03"]
[EventType "tourn"]
[EventCountry "ITA"]
[SourceTitle "playchess.com"]
[Source "ChessBase"]
[SourceQuality "1"]
[TimeControl "40/6000+30:20/3000+30:900+30"]

1. e4 e5 2. Nf3 Nc6 3. Bc4 Bc5 4. c3 Nf6 5. d3 O-O 6. O-O d5 7. exd5 Nxd5 8. a4 a5 9. Nbd2 Nb6 10. Bb5 Bg4 11. Ne4 Bd6 12. Re1 Re8 13. h3 Bh5 14. Ng3 Bg6 15. Bg5 f6 16. Be3 Kh8 17. Nh4 Bf7 18. Ne4 Nd5 19. Bc4 Nxe3 20. Rxe3 Qd7 21. Qf3 Bxc4 22. dxc4 Qe6 23. Qh5 Bf8 24. Rg3 Red8 25. b3 b6 26. Rf1 Rd7 27. f4 exf4 28. Ng6+ Kg8 29. Rxf4 hxg6 30. Qxg6 Bc5+ 31. Nxc5 bxc5 32. Rxf6 Qe1+ 33. Rf1 Qe5 34. Qxc6 Rad8 35. Qf3 Re8 36. Qf4 Qxf4 37. Rxf4 Rd1+ 38. Rf1 Rd2 39. Rf5 Re1+ 40. Kh2 Rb2 41. Rxc5 Rbb1 42. Rf3 Rxb3 43. Rxa5 Ra3 44. Ra7 c5 45. Rg3 Kh8 46. Rgxg7 Rh1+ 47. Kxh1 Ra1+ 48. Kh2 Rh1+ 49. Kg3 Rxh3+ 50. Kf4 Rf3+ 51. Ke4 Re3+ 52. Kd5 Rd3+ 53. Kc6 Rd6+ 54. Kb5 Rb6+ 55. Ka5 Rg6 56. Rh7+ Kg8 57. Rhb7 1-0

[Event "Italian Youth U20 Championship 2023"]
[Site "Brescia"]
[Date "2023.12.06"]
[Round "4.2"]
[White "Bin-Suhayl, Ieysaa"]
[Black "Titze, Leo"]
[Result "1/2-1/2"]
[ECO "E08"]
[WhiteElo "2248"]
[BlackElo "2164"]
[Annotator "RC"]
[PlyCount "81"]
[EventDate "2023.12.03"]
[EventType "tourn"]
[EventCountry "ITA"]
[SourceTitle "playchess.com"]
[Source "ChessBase"]
[SourceQuality "1"]
[TimeControl "40/6000+30:20/3000+30:900+30"]

1. d4 d5 2. c4 e6 3. Nf3 Nf6 4. g3 Bb4+ 5. Bd2 Be7 6. Bg2 O-O 7. Qc2 Nbd7 8. O-O Ne4 9. Bf4 c6 10. Nc3 g5 11. Be3 Nd6 12. b3 Nf5 13. Bd2 g4 14. Ne1 Nxd4 15. Qd1 Bf6 16. e3 Nf3+ 17. Nxf3 gxf3 18. Qxf3 Bg7 19. Qe2 Qe7 20. Rac1 Nf6 21. Rfd1 Bd7 22. e4 Nxe4 23. Nxe4 dxe4 24. Qxe4 Rad8 25. c5 Bc8 26. Ba5 Rxd1+ 27. Rxd1 e5 28. Rd6 Be6 29. Bc3 Qg5 30. Bd2 Qg6 31. h4 Re8 32. Qb4 Qb1+ 33. Kh2 Bf8 34. Qxb7 Qxa2 35. Be3 Bxd6 36. cxd6 Qa3 37. d7 Rd8 38. Bxc6 Qd6 39. Bg5 Bxd7 40. Bxd8 Bxc6 41. Qe7 1/2-1/2

[Event "Italian Youth U20 Championship 2023"]
[Site "Brescia"]
[Date "2023.12.06"]
[Round "4.3"]
[White "Vincenti, Leonardo"]
[Black "Cappelletto, Joshuaede"]
[Result "0-1"]
[ECO "B51"]
[WhiteElo "2120"]
[BlackElo "2329"]
[Annotator "RC"]
[PlyCount "110"]
[EventDate "2023.12.03"]
[EventType "tourn"]
[EventCountry "ITA"]
[SourceTitle "playchess.com"]
[Source "ChessBase"]
[SourceQuality "1"]
[TimeControl "40/6000+30:20/3000+30:900+30"]

1. e4 c5 2. Nf3 d6 3. Bb5+ Nd7 4. O-O Ngf6 5. Re1 a6 6. Bf1 b6 7. d4 cxd4 8. Nxd4 Bb7 9. f3 g6 10. c4 Bg7 11. Nc3 O-O 12. b3 Re8 13. Bb2 e6 14. Qd2 Qc7 15. Rac1 Rad8 16. Red1 Qb8 17. Nde2 Ne5 18. Qe3 d5 19. Qxb6 dxe4 20. Rxd8 Rxd8 21. Nxe4 Nxe4 22. Bxe5 Bxe5 23. fxe4 Bxh2+ 24. Kh1 Bxe4 25. Qxb8 Bxb8 26. c5 Bc7 27. Nc3 Bb7 28. Na4 Rd2 29. c6 Bc8 30. Nc3 Kf8 31. a4 Ke7 32. b4 Rd4 33. g3 Rxb4 34. Re1 Rd4 35. Re4 Rxe4 36. Nxe4 f5 37. Nc5 Kd6 38. Nxa6 Bxa6 39. Bxa6 Kxc6 40. Kg2 Kd5 41. Bc8 e5 42. g4 Ke4 43. gxf5 gxf5 44. Bb7+ Ke3 45. Bc8 f4 46. Bb7 e4 47. Kf1 f3 48. Bc6 Kf4 49. Bd5 e3 50. Bc4 Kg3 51. Bd3 h5 52. Bc4 h4 53. a5 Bxa5 54. Bb5 h3 55. Bc6 e2+ 0-1

[Event "Italian Youth U20 Championship 2023"]
[Site "Brescia"]
[Date "2023.12.06"]
[Round "4.4"]
[White "Bettalli, Francesco"]
[Black "Perossa, Nicolas"]
[Result "1-0"]
[ECO "D36"]
[WhiteElo "2274"]
[BlackElo "2330"]
[Annotator "RC"]
[PlyCount "57"]
[EventDate "2023.12.03"]
[EventType "tourn"]
[EventCountry "ITA"]
[SourceTitle "playchess.com"]
[Source "ChessBase"]
[SourceQuality "1"]
[TimeControl "40/6000+30:20/3000+30:900+30"]

1. d4 Nf6 2. c4 e6 3. Nc3 d5 4. cxd5 exd5 5. Bg5 Be7 6. e3 c6 7. Bd3 Nbd7 8. h3 O-O 9. Nf3 Re8 10. Qc2 Nf8 11. O-O g6 12. Ne5 Nh5 13. Bh6 Ng7 14. f4 Nf5 15. Bxf5 Bxf5 16. Qe2 f6 17. Nf3 Bd6 18. g4 Be4 19. Nd2 Nd7 20. Ndxe4 dxe4 21. Qc2 Bf8 22. Bxf8 Kxf8 23. d5 Qb6 24. dxc6 Qxe3+ 25. Kg2 bxc6 26. Rae1 Qd3 27. Qa4 Kg7 28. Rd1 Nb6 29. Rxd3 1-0

[Event "Italian Youth U20 Championship 2023"]
[Site "Brescia"]
[Date "2023.12.07"]
[Round "5.1"]
[White "Perossa, Nicolas"]
[Black "Pozzari, Simone"]
[Result "0-1"]
[ECO "C18"]
[WhiteElo "2330"]
[BlackElo "2186"]
[Annotator "RC"]
[PlyCount "168"]
[EventDate "2023.12.03"]
[EventType "tourn"]
[EventCountry "ITA"]
[SourceTitle "playchess.com"]
[Source "ChessBase"]
[SourceQuality "1"]
[TimeControl "40/6000+30:20/3000+30:900+30"]

1. e4 e6 2. d4 d5 3. Nc3 Bb4 4. e5 c5 5. a3 Bxc3+ 6. bxc3 Nc6 7. Qg4 g6 8. Bd2 c4 9. a4 Qa5 10. Nh3 Bd7 11. Qh4 h6 12. g4 Rh7 13. Be2 Nce7 14. O-O Bxa4 15. Ra2 b5 16. Qg3 Nc6 17. Bc1 Kd7 18. Ba3 Bxc2 19. Raa1 Qb6 20. Bc5 Qb7 21. Rfc1 Bb3 22. Qh4 Ke8 23. f4 Nce7 24. Ra5 a6 25. Bd1 Qc7 26. Raa1 Bxd1 27. Rxd1 Qd8 28. Rdb1 Qd7 29. Kh1 Nc6 30. Rf1 Rg7 31. f5 gxf5 32. gxf5 exf5 33. Rg1 Rg4 34. Nf2 Rg6 35. e6 Qxe6 36. Rge1 Nf6 37. Rxe6+ fxe6 38. Qf4 Nd7 39. Qd6 Rc8 40. Rxa6 Nxc5 41. Qxc5 Ne7 42. Qxb5+ Kf7 43. Ra1 Rcg8 44. Qd7 Rg2 45. Re1 R8g6 46. Nh3 R2g4 47. Qd6 Re4 48. Ra1 e5 49. Qc5 Rc6 50. Qb4 exd4 51. Nf2 Re2 52. cxd4 c3 53. Nd3 c2 54. Nc5 Rg6 55. Qc3 Rb6 56. Nb3 Rc6 57. Qh3 c1=Q+ 58. Rxc1 Rxc1+ 59. Nxc1 Re1+ 60. Kg2 Rxc1 61. Qxh6 Rc2+ 62. Kf3 Rc3+ 63. Kf4 Rc6 64. Qh7+ Kf6 65. Qh4+ Kf7 66. Qh5+ Kf6 67. Qg5+ Kf7 68. h4 Rg6 69. Qh5 Kg7 70. Ke5 Kf7 71. Qh7+ Rg7 72. Qh6 Rg6 73. Qh5 Kg7 74. Qd1 Kf7 75. Qh5 Kg7 76. Qd1 Kf7 77. Qa4 Rh6 78. Qd7 Kf8 79. h5 Kf7 80. Qb7 Rxh5 81. Kd6 Rh6+ 82. Kd7 Re6 83. Qa8 Ng8 84. Qxd5 Nf6+ 0-1

[Event "Italian Youth U20 Championship 2023"]
[Site "Brescia"]
[Date "2023.12.07"]
[Round "5.2"]
[White "Cappelletto, Joshuaede"]
[Black "Bettalli, Francesco"]
[Result "1-0"]
[ECO "B30"]
[WhiteElo "2329"]
[BlackElo "2274"]
[Annotator "RC"]
[PlyCount "97"]
[EventDate "2023.12.03"]
[EventType "tourn"]
[EventCountry "ITA"]
[SourceTitle "playchess.com"]
[Source "ChessBase"]
[SourceQuality "1"]
[TimeControl "40/6000+30:20/3000+30:900+30"]

1. e4 c5 2. Nf3 Nc6 3. Nc3 e5 4. Bc4 d6 5. d3 Be7 6. O-O Nf6 7. Ng5 O-O 8. f4 h6 9. Nf3 exf4 10. Bxf4 Be6 11. Nd5 Bxd5 12. exd5 Nb4 13. Qd2 Nbxd5 14. Bxh6 gxh6 15. Qxh6 Ng4 16. Qh5 Nde3 17. Rae1 Bf6 18. Rxe3 Nxe3 19. Ng5 Bxg5 20. Bxf7+ Kg7 21. Qg6+ Kh8 22. Rf3 Ng4 23. Rh3+ Bh4 24. Qh5+ Kg7 25. Rxh4 Qxh4 26. Qxh4 Nf6 27. Be6 Rae8 28. Bf5 Re5 29. g4 Rg8 30. Qg5+ Kf7 31. Qf4 Rge8 32. Qf3 Re3 33. Qxb7+ R8e7 34. Qa8 Re1+ 35. Kf2 R1e2+ 36. Kf3 Rxh2 37. g5 Ne8 38. Kg3 Rhe2 39. Be4 Kf8 40. g6 Rxc2 41. Bc6 Rce2 42. Bxe8 Rxe8 43. Qf3+ Kg7 44. Qf7+ Kh6 45. g7 Re1 46. Kf2 R8e2+ 47. Kf3 Re3+ 48. Kf4 Re8 49. g8=N+ 1-0

[Event "Italian Youth U20 Championship 2023"]
[Site "Brescia"]
[Date "2023.12.07"]
[Round "5.3"]
[White "Titze, Leo"]
[Black "Vincenti, Leonardo"]
[Result "0-1"]
[ECO "D36"]
[WhiteElo "2164"]
[BlackElo "2120"]
[Annotator "RC"]
[PlyCount "188"]
[EventDate "2023.12.03"]
[EventType "tourn"]
[EventCountry "ITA"]
[SourceTitle "playchess.com"]
[Source "ChessBase"]
[SourceQuality "1"]
[TimeControl "40/6000+30:20/3000+30:900+30"]

1. d4 d5 2. c4 e6 3. Nc3 Nf6 4. cxd5 exd5 5. Bg5 c6 6. e3 h6 7. Bh4 Be7 8. Bd3 O-O 9. Qc2 Re8 10. Nge2 a5 11. O-O Na6 12. a3 Nc7 13. h3 Ne6 14. Rac1 b5 15. Nb1 Bd7 16. Nd2 Rc8 17. Nf3 c5 18. dxc5 Nxc5 19. Bxf6 Bxf6 20. Ned4 Qb6 21. Qb1 b4 22. axb4 Qxb4 23. Bh7+ Kh8 24. Bf5 Bxf5 25. Qxf5 Qb7 26. b3 Ne4 27. Rfd1 g6 28. Qf4 Kg7 29. h4 Nc3 30. Re1 Re4 31. Qg3 h5 32. Qd6 Be7 33. Qh2 Kh7 34. g3 Bf6 35. Kg2 Rg4 36. Qg1 Rc7 37. Qf1 Qc8 38. Qd3 Ne4 39. Rxc7 Qxc7 40. Ne2 Qd6 41. Nf4 Nc5 42. Qxd5 Qxd5 43. Nxd5 Kg7 44. Nxf6 Kxf6 45. Nd4 Re4 46. Ra1 Nb7 47. Rc1 Re5 48. Rc6+ Kg7 49. Ra6 Rd5 50. Kf3 Rd6 51. Ra8 Rb6 52. Rc8 Rb4 53. Rc7 Nd6 54. Rd7 Nb5 55. Ne6+ Kf6 56. Nc5 Nc3 57. Rd3 Na2 58. Rd6+ Kg7 59. Rd5 Nc1 60. Na6 Rb6 61. Rxa5 Nxb3 62. Ra2 Rf6+ 63. Kg2 Nc1 64. Ra5 Nd3 65. f4 Re6 66. Kf3 Ne1+ 67. Kf2 Nc2 68. Nc7 Re7 69. Nd5 Rb7 70. Nc3 Rb3 71. Rc5 Rb2 72. Ne2 Nb4 73. Rc3 Rd2 74. e4 Rc2 75. Rb3 Na2 76. Kf3 Rxe2 77. f5 Rc2 78. Rb6 Rc3+ 79. Kf4 Nc1 80. fxg6 Ne2+ 81. Ke5 fxg6 82. Rb7+ Kh6 83. Kf6 Rf3+ 84. Ke6 Nxg3 85. e5 Nf5 86. Rb4 g5 87. hxg5+ Kxg5 88. Rb8 Ng7+ 89. Kd5 h4 90. Rg8 Kg6 91. Rh8 h3 92. Ke4 Ra3 93. Rf8 h2 94. Rf1 Nh5 0-1

[Event "Italian Youth U20 Championship 2023"]
[Site "Brescia"]
[Date "2023.12.07"]
[Round "5.4"]
[White "Pegno, Mattia"]
[Black "Bin-Suhayl, Ieysaa"]
[Result "0-1"]
[ECO "D61"]
[WhiteElo "2155"]
[BlackElo "2248"]
[Annotator "RC"]
[PlyCount "104"]
[EventDate "2023.12.03"]
[EventType "tourn"]
[EventCountry "ITA"]
[SourceTitle "playchess.com"]
[Source "ChessBase"]
[SourceQuality "1"]
[TimeControl "40/6000+30:20/3000+30:900+30"]

1. d4 d5 2. c4 e6 3. Nf3 Nf6 4. Bg5 c6 5. e3 Nbd7 6. Qc2 Be7 7. Nc3 O-O 8. O-O-O dxc4 9. Bxc4 b5 10. Bd3 Bb7 11. Ne5 h6 12. Bxf6 Nxf6 13. Ne4 Qd5 14. Kb1 c5 15. Nxc5 Rfc8 16. f4 Bxc5 17. dxc5 Rxc5 18. Qe2 Qxg2 19. Qxg2 Bxg2 20. Rhg1 Bd5 21. b4 Rc7 22. Rc1 Rac8 23. Rxc7 Rxc7 24. Kb2 a6 25. a4 Be4 26. Bxe4 Nxe4 27. axb5 axb5 28. Ra1 Nd6 29. Ra8+ Kh7 30. Rd8 Nc4+ 31. Nxc4 Rxc4 32. Kb3 Re4 33. Rd3 Kg6 34. Kc3 Rc4+ 35. Kb3 Kf6 36. h4 Re4 37. Kc3 Rc4+ 38. Kb3 Kg6 39. Rd1 Re4 40. Rg1+ Kf6 41. Rg3 g6 42. h5 g5 43. fxg5+ hxg5 44. h6 Kg6 45. h7 Rh4 46. Kc3 f6 47. Kd3 Rxh7 48. Rg1 Rd7+ 49. Ke2 Rc7 50. Rg4 Kf5 51. Rd4 Rc4 52. e4+ Ke5 0-1